 Dungeon Crawl Stone Soup version 0.29-a0-82-g837932c90e (webtiles) character file.

Game seed: 10340018597087100376

21 HallandMoats the Skirmisher (level 2, 24/24 HPs)
             Began as a Demonspawn Fighter on Feb 5, 2022.
             Was a Follower of Wu Jian.
             Got out of the dungeon alive.
             The game lasted 00:00:54 (805 turns).

HallandMoats the Skirmisher (Demonspawn Fighter)     Turns: 805, Time: 00:00:54

Health: 24/24      AC:  8    Str: 16    XL:     2   Next: 62%
Magic:  2/2        EV:  9    Int:  9    God:    Wu Jian [*.....]
Gold:   54         SH:  4    Dex: 12    Spells: 1/1 levels left

rFire   . . .      SeeInvis .   a - +0 war axe
rCold   . . .      Faith    .   c - +0 buckler
rNeg    . . .      Spirit   .   b - +0 scale mail
rPois   .          Reflect  .   g - +1 helmet
rElec   .          Harm     .   (no cloak)
rCorr   .          Rampage  .   (no gloves)
Will    .....                   (no boots)
Stlth   ..........              e - amulet of the acrobat
HPRegen 0.08/turn               (no ring)
MPRegen 0.08/turn               (no ring)

@: no status effects
A: powered by pain 1
a: Renounce Religion


You escaped.
You worshipped Wu Jian.
Wu Jian was aware of your devotion.
You visited 1 branch of the dungeon, and saw 1 of its levels.

You collected 54 gold pieces.

Inventory:

Hand Weapons
 a - a +0 war axe (weapon)
Armour
 b - a +0 scale mail (worn)
 c - a +0 buckler (worn)
 g - a +1 helmet (worn)
Jewellery
 e - an amulet of the acrobat (around neck)
Potions
 d - a potion of might
 f - a potion of haste {unknown}
 h - a potion of attraction {unknown}


   Skills:
 * Level 3.1 Fighting
 * Level 2.1 Axes
 + Level 2.7 Armour
 + Level 0.3 Dodging
 + Level 2.7 Shields
 * Level 1.3 Invocations


You had one spell level left.
You didn't know any spells.
Your spell library was empty.

Dungeon Overview and Level Annotations

Branches:
Dungeon (1/15)

Altars:
Wu Jian


Innate Abilities, Weirdness & Mutations

You sometimes gain a little power by taking damage.


Message History

No target in view!
No target in view!
No target in view!
No target in view!
No target in view!
No target in view!
No target in view!
i - a scroll labelled KUAWOI YMAUC You now have 54 gold pieces (gained 14).
You open the door.
There is an open door here.
You open the door.
There is an open door here.
There is an open door here.
Key pressed, stopping explore.
Done exploring.
Done exploring.
Done exploring.
No target in view!
No target in view!
No target in view!
Done exploring.
Done exploring.
Done exploring.
Done exploring.
There are no items here.
You drop a scroll labelled KUAWOI YMAUC.
Number of times to repeat, then command key: You must enter the number of times for the command to repeat.
You can't go up here!
Unknown command.
Unknown command.
(D) Dungeon
Where to? (? - help)
What level of the Dungeon? (default 1, ? - help)
You open the door.
There is an open door here.
There is a staircase leading out of the dungeon here.
Are you sure you want to leave the Dungeon?
This will make you lose the game!
You have escaped!

#.#.###...###.#.##............#
.................#.#.#.####.#.#
..)...........#..#.#.#.# #.#.#
#....##...##..#....#.#.# #.#.#
.#..................>..####.#.#
..#.###.####.##...............#
≈≈#.....# #.###'###.#.####.###
........# #.##♣.♣##.#.####.#####
≈≈#.....####.'..@..+............#
..#..........##≈≈≈##.#.###..#####
.#...........##PPP#............#
#.............#####..#.###..####
.....).......#.# #..#.###..#
#####........#.# #.........#
#####........#.####....####.#
#.....#####.#....##........#
##.......###.#+##.###.#######


There were no monsters in sight!

Vanquished Creatures
  A dart slug (D:1)
  2 ball pythons (D:1)
  A bat (D:1)
  An endoplasm (D:1)
  3 giant cockroaches (D:1)
  3 goblins (D:1)
  2 hobgoblins (D:1)
  2 frilled lizards (D:1)
  2 rats (D:1)
17 creatures vanquished.

Notes
Turn   | Place    | Note
-------+----------+-------------------------------------------
     0 | D:1      | HallandMoats the Demonspawn Fighter began the quest for the
                  | Orb.
     0 | D:1      | Reached XP level 1. HP: 18/18 MP: 1/1
    18 | D:1      | Found a faded altar of an unknown god.
    28 | D:1      | Prayed at the altar of an unknown god.
    28 | D:1      | Became a worshipper of the Wu Jian Council
    28 | D:1      | Reached * piety under Wu Jian
   153 | D:1      | Gained mutation: You sometimes gain a little power by
                  | taking damage. [demonic ancestry]
   153 | D:1      | Reached XP level 2. HP: 24/24 MP: 2/2
   411 | D:1      | Reached skill level 1 in Invocations
   805 | D:$      | Got out of the dungeon alive.

Illustrated notes

Levels and vault maps discovered:
D:1:      tarquinn_simple_flora_water_e, layout_basic,
          shapermc_ecumenical_altar_starsandcircs

Skill      XL: |  1  2 |
---------------+-------+-----
Axes           | 2 |  2.1
Invocations    | 1 |  1.3
Fighting       | |  3.1
Armour         | |  2.7
Dodging        | |  0.3
Shields        | |  2.7

Action                   || total
-------------------------++-------
Melee: War axe           ||    49
Invok: Lunge             ||     2
Armor: Scale mail        ||    24
Dodge: Dodged            ||    20
Block: Buckler           ||     7

Table legend: (Time is in decaauts)
 A = Elapsed time spent in this place.
 B = Non-inter-level travel time spent in this place.
 C = Inter-level travel time spent in this place.
 D = Time resting spent in this place.
 E = Time spent auto-exploring this place.
 F = Levels seen in this place.
 G = Mean time per level.
                   A        B        C        D        E       F      G
               +--------+--------+--------+--------+--------+-----+--------+
         Total |    828 |    807 |     21 |      0 |    657 |   1 |  828.0 |
       Dungeon |    828 |    807 |     21 |      0 |    657 |   1 |  828.0 |
               +--------+--------+--------+--------+--------+-----+--------+

Top non-repeatable levels by time:
     D:1: 828 daAuts
